 Dungeon Crawl Stone Soup version 0.22-a0-456-g11ed031617 (webtiles) character file.

13664 yohadams the Slicer (level 11, -22/103 HPs)
             Began as a Deep Dwarf Monk on June 6, 2018.
             Was a High Priest of Okawaru.
             Killed from afar by a merfolk aquamancer (30 damage)
             ... with a ball of steam
             ... on level 1 of the Shoals.
             The game lasted 01:02:58 (9813 turns).

yohadams the Slicer (Deep Dwarf Monk)               Turns: 9813, Time: 01:02:59

Health: -22/103    AC: 16    Str: 18    XL:     11   Next: 78%
Magic:  0/0        EV: 16    Int: 11    God:    Okawaru [*****.]
Gold:   374        SH:  0    Dex: 19    Spells: 10/10 levels left

rFire    . . .     SeeInvis .   r - +4 short sword (pierce)
rCold    . . .     Gourm    .   (no shield)
rNeg     . . .     Faith    .   l - +5 scale mail {MR+}
rPois    +         Spirit   .   t - +0 helmet
rElec    .         Reflect  .   f - +0 cloak
rCorr    .         Harm     .   (no gloves)
MR       ++...                  (no boots)
Stlth    ++........             q - amulet of regeneration
HPRegen  0.00/turn              m - +4 ring of dexterity
MPRegen  0.07/turn              y - ring of poison resistance

@: engulfed (cannot breathe), non-regenerating
A: damage resistance, heal wounds, sense surroundings 2, no regeneration
a: Heal Wounds, Heroism, Finesse, Renounce Religion


You were on level 1 of the Shoals.
You worshipped Okawaru.
Okawaru was extremely pleased with you.
You were full.

You visited 4 branches of the dungeon, and saw 12 of its levels.

You collected 566 gold pieces.
You spent 192 gold pieces at shops.

Inventory:

Hand Weapons
 e - a cursed +3 trident
 g - a +2 hand axe of chopping
 i - a +1 halberd
 r - a +4 short sword of piercing (weapon)
Missiles
 n - 7 javelins (quivered)
Armour
 f - a +0 cloak (worn)
 l - a +5 scale mail of magic resistance (worn)
 t - a +0 helmet (worn)
 x - the +3 scale mail of Uhofyb {+Fly rF+ Regen+, unknown}
   (You found it on level 1 of the Lair of Beasts)

   It protects you from fire.
   It lets you fly.
   It increases your rate of regeneration.
 z - a +1 ring mail of cold resistance
Jewellery
 a - an uncursed ring of fire
 d - a cursed ring of loudness
 m - a +4 ring of dexterity (left hand)
 q - an amulet of regeneration (around neck)
 u - an uncursed ring of resist corrosion
 v - a +4 ring of intelligence
 y - a ring of poison resistance (right hand)
 G - an uncursed ring of see invisible
Wands
 s - a wand of digging (11)
 F - a wand of acid (3)
Scrolls
 b - 2 scrolls of teleportation
 h - a scroll of blinking
 j - a scroll of brand weapon
 k - a scroll of immolation
 w - a scroll of magic mapping
 B - 5 scrolls of remove curse
 C - a scroll of identify
Potions
 o - 2 potions of berserk rage {unknown}
 p - 2 potions of curing
 A - a potion of lignification
 E - a potion of flight
Comestibles
 c - 14 rations


   Skills:
 + Level 8.1 Fighting
 + Level 10.3(10.5) Short Blades
   Level 3.3(8.0) Long Blades
 + Level 3.5 Axes
 + Level 9.9 Armour
 + Level 8.8 Dodging
 + Level 4.8 Stealth
 + Level 4.0 Invocations


You had 10 spell levels left.
You didn't know any spells.
Your spell library was empty.

Dungeon Overview and Level Annotations

Branches:
Dungeon (8/15)             Temple (1/1) D:6            Lair (3/6) D:8
 Shoals (1/4) Lair:3
  Snake: Lair:2-4    Spider: Lair:2-4

Altars:
Ashenzari
Cheibriados
Dithmenos
Elyvilon
Fedhas
Gozag
Hepliaklqana
Kikubaaqudgha
Makhleb
Nemelex Xobeh
Okawaru
Qazlal
Trog
Vehumet
Wu Jian
Xom
Yredelemnul
Zin
The Shining One
Beogh

Shops:
D:7 ?

Annotations:
Lair:2 HANFGEIST's ghost, journeyman DEWz


Innate Abilities, Weirdness & Mutations

You are resistant to damage.
You can heal yourself by infusing magical energy.
You passively map the area around you.
You do not regenerate.


Message History

The torrent of water misses you.
You hear a splash.
The water elemental completely misses the plant.
You hear a shout! x2
You feel better.
You are engulfed in a cloud of scalding steam.
* * * LOW HITPOINT WARNING * * *
x2 Your lungs strain for air!
The water elemental closely misses you.
The merfolk hits you from afar with a trident!
* * * LOW HITPOINT WARNING * * *
You hear a distant blaring wail to the east.
The merfolk barely misses you.
The water elemental is engulfed in a cloud of scalding steam.
The water elemental hits you!
* * * LOW HITPOINT WARNING * * *
The merfolk aquamancer is engulfed in a cloud of scalding steam.
The merfolk aquamancer points at you and mumbles some strange words.
The ball of steam hits you!
You die...

≈≈≈ ≈ ≈ ≈ ≈≈...≈≈.P..,
≈ , ≈ ≈ ≈ ≈ ≈.......P.
, . ≈ ≈ ≈≈≈≈≈≈P.......#
.> , ≈
≈≈≈≈≈≈........###..≈ ≈
PPP≈≈≈. #.......(..≈ ≈
, ≈PP.... #.mP...≈... ≈
,PPPP... #.P..§.≈≈.. ≈
≈ ,
PPP≈P.P###Em@.§§≈≈≈≈ ≈
≈ , *
≈≈≈PPP..(.(EmE§≈.≈≈≈≈
*,≈≈P≈.PP<.P..E§≈≈≈≈≈≈≈
≈ P≈P..P≈PP.......≈≈≈≈
≈ *
P≈≈≈≈≈P≈≈.[......≈≈≈
≈≈≈≈
≈≈≈≈≈≈≈≈≈.##..≈..≈≈≈ ≈
≈≈ ≈P≈≈≈≈≈P..##..≈..≈≈≈
≈ ≈≈
≈≈≈≈≈≈≈≈≈P....≈≈!.≈≈≈ ≈
≈ ≈ ,
..P≈≈≈≈≈≈.....≈.≈≈≈ ≈ ≈
≈


You could see a merfolk aquamancer, 2 merfolk and 4 water elementals.

Vanquished Creatures
  A hydra (Lair:1)
  A manticore (Lair:3)
  A black mamba (Lair:1)
  9 elephants
  3 spiny frogs
  3 komodo dragons
  A queen bee (D:8)
  4 blink frogs (Lair:1)
  A polar bear (Lair:3)
  A hippogriff (Lair:3)
  A yak (D:8)
  4 water moccasins
  7 porcupines (D:8)
  4 black bears
  A sky beast (D:8)
  An ice beast (D:8)
  A phantom (D:4)
  2 ogres
  3 wolves (Lair:1)
  2 centaurs
  2 necrophages (D:8)
  7 crocodiles
  8 bullfrogs
  3 scorpions
  20 killer bees (D:8)
  8 wights (D:8)
  2 howler monkeys (D:7)
  3 crimson imps
  A centaur zombie (D:8)
  5 hounds
  2 jellies
  2 orc priests (D:3)
  A bullfrog skeleton (D:6)
  7 orc wizards
  Jessica (D:2)
  6 iguanas
  4 worker ants
  A hound skeleton (D:8)
  A worker ant zombie (D:8)
  Robin (D:3)
  4 gnolls (D:6)
  8 adders
  2 shadow imps
  An adder skeleton (D:7)
  2 worms
  3 dart slugs
  8 leopard geckos
  28 orcs
  3 ball pythons
  4 giant cockroaches
  20 goblins
  13 hobgoblins
  6 jackals
  3 quokkas
  10 bats
  7 frilled lizards
  A jackal zombie (D:8)
  6 kobolds
  7 rats
  2 fungi (D:8)
  4 plants (D:8)
278 creatures vanquished.

Vanquished Creatures (collateral kills)
  A bullfrog (Lair:3)
  A plant (Lair:3)
2 creatures vanquished.

Vanquished Creatures (others)
  53 fungi (D:8)
  20 plants
73 creatures vanquished.

Grand Total: 353 creatures vanquished

Notes
Turn   | Place    | Note
-------+----------+-------------------------------------------
     0 | D:1      | yohadams the Deep Dwarf Monk began the quest for the Orb.
     0 | D:1      | Reached XP level 1. HP: 20/20 MP: 1/1
   172 | D:1      | Reached XP level 2. HP: 16/28 MP: 2/2
   272 | D:1      | Found an iron altar of Okawaru.
   302 | D:1      | Became a worshipper of Warmaster Okawaru
   302 | D:1      | Reached * piety under Okawaru
   302 | D:1      | Reached ** piety under Okawaru
   504 | D:1      | Reached XP level 3. HP: 34/34 MP: 3/3
  1179 | D:2      | Found a basalt altar of Yredelemnul.
  1255 | D:2      | Reached skill level 1 in Axes
  1626 | D:2      | Reached skill level 1 in Armour
  1631 | D:2      | Reached XP level 4. HP: 38/42 MP: 4/4
  1652 | D:2      | Found a shadowy altar of Dithmenos.
  1883 | D:2      | Noticed Jessica
  1895 | D:2      | Killed Jessica
  2373 | D:3      | Found a roughly hewn altar of Beogh.
  2380 | D:3      | Reached XP level 5. HP: 34/49 MP: 1/4
  2546 | D:3      | Found a radiant altar of Vehumet.
  2552 | D:3      | Noticed Robin
  2569 | D:3      | Killed Robin
  2632 | D:3      | Found a blossoming altar of Fedhas.
  3274 | D:4      | Noticed a phantom
  3275 | D:4      | Reached XP level 6. HP: 42/56 MP: 2/5
  3334 | D:4      | Reached skill level 1 in Short Blades
  3944 | D:4      | You fall through a shaft for 2 floors!
  3970 | D:6      | Found a staircase to the Ecumenical Temple.
  3995 | Temple   | Entered the Ecumenical Temple
  4226 | D:6      | Reached skill level 2 in Short Blades
  4226 | D:6      | Reached XP level 7. HP: 41/62 MP: 6/6
  4556 | D:6      | Reached skill level 3 in Short Blades
  4556 | D:6      | Reached skill level 1 in Invocations
  4570 | D:6      | Reached *** piety under Okawaru
  4659 | D:6      | Reached skill level 5 in Armour
  4712 | D:6      | Reached XP level 8. HP: 54/72 MP: 6/6
  5297 | D:7      | Reached skill level 4 in Short Blades
  5817 | D:7      | Reached skill level 5 in Dodging
  5834 | D:7      | Reached skill level 5 in Short Blades
  6001 | D:7      | Found Omudarch's Magic Scroll Shop.
  6022 | D:7      | Bought a scroll of enchant weapon for 82 gold pieces
  6022 | D:7      | Bought a scroll of identify for 22 gold pieces
  6022 | D:7      | Bought a scroll of identify for 22 gold pieces
  6022 | D:7      | Bought a scroll of remove curse for 33 gold pieces
  6022 | D:7      | Bought a scroll of remove curse for 33 gold pieces
  6506 | D:8      | Reached skill level 6 in Short Blades
  6510 | D:8      | Gained mutation: You passively map the area around you. [Deep Dwarf growth]
  6510 | D:8      | Reached XP level 9. HP: 40/79 MP: 8/8
  6536 | D:8      | Noticed a queen bee
  6546 | D:8      | Reached **** piety under Okawaru
  6570 | D:8      | Killed a queen bee
  6600 | D:8      | Reached skill level 5 in Fighting
  6614 | D:8      | Reached skill level 7 in Short Blades
  7232 | D:8      | Reached XP level 10. HP: 68/88 MP: 3/6
  7291 | D:8      | Reached skill level 8 in Short Blades
  7349 | D:8      | Reached ***** piety under Okawaru
  7355 | D:8      | Found a staircase to the Lair.
  7484 | Lair:1   | Entered Level 1 of the Lair of Beasts
  7580 | Lair:1   | Noticed a four-headed hydra
  7604 | Lair:1   | Killed a four-headed hydra
  7748 | Lair:1   | Received a gift from Okawaru
  7748 | Lair:1   | Reached skill level 9 in Short Blades
  7882 | Lair:1   | Noticed a black mamba
  7906 | Lair:1   | Killed a black mamba
  7906 | Lair:1   | Reached XP level 11. HP: 91/100 MP: 5/5
  7941 | Lair:1   | Got a steaming scale mail
  8209 | Lair:2   | Noticed HANFGEIST's ghost (journeyman DEWz)
  8535 | Lair:3   | Reached skill level 10 in Short Blades
  8565 | Lair:3   | Found a staircase to the Shoals.
  9795 | Shoals:1 | Entered Level 1 of the Shoals
  9795 | Shoals:1 | Noticed a merfolk aquamancer
  9813 | Shoals:1 | Killed from afar by a merfolk aquamancer

Vault maps used:
D:1:      shiori_arrival_maze, okawaru_ov_weapons_minmay
D:2:      lemuel_coloured_pillars_altar, overflow_temple_1_default, uniq_jessica
D:3:      lemuel_doored_altar, vehumet_crystals, kennysheep_orc_chapel,
          uniq_robin
D:4:      lemuel_round_altar
D:6:      minmay_temple_entry_glass
D:7:      black_bear_nest_2, serial_shops, shop
D:8:      kennysheep_little_box, marbit_many_paths, due_lair_maze_entry_diamond,
          david_nohive_1
Temple:   eino_temple_water
Lair:1:   beast_lair_carwin_6
Lair:3:   minmay_shoals_entry_beasts
Shoals:1: cheibrodos_shoals_oceanic_diplomacy

Skill      XL: |  1  2  3  4  5  6  7  8  9 10 11 |
---------------+----------------------------------+-----
Fighting       | 3 4 5 7 8 |  8.1
Axes           | 1 2 3 |  3.5
Dodging        | 4 5 6 7 8 |  8.8
Armour         | 1 2 3 4 5 6 8 9 |  9.9
Stealth        | 3 4 |  4.8
Short Blades   | 2 3 6 7 9 10 | 10.3
Invocations    | 1 2 3 4 |  4.0
Long Blades    | |  3.3

Action                   |  1- 3 |  4- 6 |  7- 9 | 10-12 || total
-------------------------+-------+-------+-------+-------++-------
Melee: Falchion          |    14 |       |       |       ||    14
       Hand axe          |    98 |    71 |       |       ||   169
       Short sword       |       |   109 |   487 |   662 ||  1258
       Punch             |       |       |     5 |     4 ||     9
Invok: Heroism           |       |     5 |    12 |     6 ||    23
       Finesse           |       |       |       |     2 ||     2
 Abil: Heal Wounds       |     1 |     4 |    13 |    35 ||    53
  Use: Scroll            |     7 |     1 |     8 |     6 ||    22
       Potion            |       |     4 |     5 |     5 ||    14
 Stab: Sleeping          |     1 |     1 |     1 |     1 ||     4
       Confused          |       |       |       |     2 ||     2
       Distracted        |       |       |       |     1 ||     1
  Eat: Ration            |     1 |     3 |     2 |     4 ||    10
Armor: Robe              |     2 |       |       |       ||     2
       Leather armour    |    42 |     7 |       |       ||    49
       Scale mail        |       |    61 |   247 |   312 ||   620
Dodge: Dodged            |   103 |   161 |   484 |   558 ||  1306
       Rpst.: Falchion   |     3 |       |       |       ||     3

Table legend:
 A = Spawn XP
 B = Non-spawn XP
 C = Spawn XP percentage of total XP
 D = Spawn monster count
 E = Non-spawn monster count
 F = Spawn count percentage of total count
 G = Total turns spent on level
                    A         B        C        D         E        F      G
               +---------+---------+-------+---------+---------+-------+---------
         Total |       0 |   19520 |   0.0 |       0 |     273 |   0.0 |  9813
               +---------+---------+-------+---------+---------+-------+---------
           D:1 |       0 |      47 |   0.0 |       0 |      25 |   0.0 |  1178
           D:2 |       0 |     126 |   0.0 |       0 |      36 |   0.0 |  1052
           D:3 |       0 |     180 |   0.0 |       0 |      34 |   0.0 |  1002
           D:4 |       0 |     341 |   0.0 |       0 |      16 |   0.0 |   712
           D:6 |       0 |     783 |   0.0 |       0 |      26 |   0.0 |  1136
           D:7 |       0 |     817 |   0.0 |       0 |      25 |   0.0 |  1164
           D:8 |       0 |    4937 |   0.0 |       0 |      66 |   0.0 |  1035
        Lair:1 |       0 |    4920 |   0.0 |       0 |      22 |   0.0 |   725
        Lair:2 |       0 |    2980 |   0.0 |       0 |       8 |   0.0 |   199
        Lair:3 |       0 |    4389 |   0.0 |       0 |      15 |   0.0 |  1387
               +---------+---------+-------+---------+---------+-------+---------
